 Dungeon Crawl Stone Soup version 0.25.0-33-gff14898491 (webtiles) character file.

Game seed: 11598116915051244209

184 Ethylacetat the Sneak (level 5, -2/36 HPs)
             Began as an Octopode Assassin on July 7, 2020.
             Slain by a phantom (10 damage)
             ... on level 4 of the Dungeon.
             The game lasted 00:05:51 (3113 turns).

Ethylacetat the Sneak (Octopode Assassin)           Turns: 3113, Time: 00:05:52

Health: -2/36      AC:  1    Str: 11    XL:     5   Next: 63%
Magic:  5/5        EV: 13    Int: 13    God:
Gold:   135        SH:  0    Dex: 14    Spells: 4/4 levels left

rFire    . . .     SeeInvis .   n - +4 whip
rCold    . . .     Gourm    .   (no shield)
rNeg     . . .     Faith    .   (helmet restricted)
rPois    .         Spirit   .   (no amulet)
rElec    .         Reflect  .   (no ring)
rCorr    .         Harm     .   (no ring)
MR       .....                  (no ring)
Stlth    ++++......             (no ring)
HPRegen  0.12/turn              (no ring)
MPRegen  0.09/turn              (no ring)
                                (no ring)
                                (no ring)

@: no status effects
A: almost no armour, stealthy swim, amphibious, 8 rings, constrict 8, camouflage
1, gelatinous body 1
a: no special abilities


You were on level 4 of the Dungeon.
You were not hungry.

You visited 1 branch of the dungeon, and saw 4 of its levels.

You collected 135 gold pieces.

Inventory:

Hand Weapons
 a - a +2 dagger
 k - a +0 dagger of draining
 n - a +4 whip (weapon)
Missiles
 b - 12 poisoned darts (quivered)
 c - 2 curare-tipped darts
Scrolls
 f - a scroll of magic mapping {unknown}
 h - 3 scrolls of identify {unknown}
 i - 3 scrolls of enchant armour {unknown}
 p - a scroll of teleportation {unknown}
Potions
 e - 2 potions of flight {unknown}
 g - 4 potions of might {unknown}
 j - a potion of curing {unknown}
 l - a potion of heal wounds {unknown}
 m - 2 potions of brilliance {unknown}
 o - 3 potions of haste {unknown}
Comestibles
 d - 5 rations


   Skills:
 + Level 3.5 Fighting
 * Level 4.8 Short Blades
 - Level 2.0 Throwing
 - Level 1.0 Dodging
 - Level 5.3 Stealth


You had 4 spell levels left.
You didn't know any spells.
Your spell library contained the following spells:

 Spells                   Type           Power        Failure   Level  Hunger
 Magic Dart               Conj           #...         30%         1    ##.....
 Blink                    Tloc           N/A          43%         2    ###....
 Call Imp                 Summ           #.......     43%         2    ###....
 Slow                     Hex            #.......     43%         2    ###....
 Conjure Flame            Conj/Fire      #.......     67%         3    ####...
 Mephitic Cloud           Conj/Pois/Air  #.......     67%         3    ####...


Dungeon Overview and Level Annotations

Branches:
Dungeon (4/15)
 Temple: D:4-7

Altars:
Vehumet


Innate Abilities, Weirdness & Mutations

You cannot wear most types of armour.
You are very stealthy in the water. (Stealth+)
You are amphibious.
You can wear up to eight rings at the same time.
You can use your tentacles to constrict eight enemies at once.
Your skin changes colour to match your surroundings (Stealth+).
Your rubbery body absorbs attacks. (AC +1, EV +1)


Message History

The phantom closely misses you.
You hit the phantom.
The phantom is severely damaged.
The phantom barely misses you. The phantom misses you.
You hit the phantom.
The phantom is almost destroyed.
The phantom hits you.
You hit the phantom.
The phantom is almost destroyed.
The phantom hits you.
The phantom blinks!
You are too injured to fight recklessly!
You are too injured to fight recklessly!
You closely miss the phantom.
The phantom is almost destroyed.
The phantom hits you.
* * * LOW HITPOINT WARNING * * *
You hit the phantom but do no damage. You squeeze the phantom.
The phantom is almost destroyed.
The phantom hits you!
You die...

##......(..
##....#....
#...###.###
#.#...#.#####. .
####.............
...###....###.#.######
........### #...#
.#...#..## #..##
###...W@# #..# ##....#
#..# #....# ....
#....# .... #....#
######


You could see a phantom.

Vanquished Creatures
  A hound (D:4)
  An orc wizard (D:4)
  3 adders
  An adder skeleton (D:4)
  3 worms
  3 dart slugs
  3 leopard geckos
  6 orcs
  2 ball pythons (D:2)
  3 giant cockroaches
  2 goblins
  7 hobgoblins
  8 jackals
  6 bats
  2 frilled lizards (D:2)
  13 kobolds
  9 rats
73 creatures vanquished.

Notes
Turn   | Place    | Note
-------+----------+-------------------------------------------
     0 | D:1      | Ethylacetat the Octopode Assassin began the quest for the
                  | Orb.
     0 | D:1      | Reached XP level 1. HP: 14/14 MP: 1/1
   144 | D:1      | Reached XP level 2. HP: 19/19 MP: 2/2
   508 | D:1      | Reached XP level 3. HP: 25/25 MP: 3/3
  1181 | D:2      | Found a radiant altar of Vehumet.
  1338 | D:2      | Reached XP level 4. HP: 29/30 MP: 4/4
  2841 | D:4      | Reached XP level 5. HP: 36/36 MP: 5/5
  2881 | D:4      | Noticed a phantom
  3113 | D:4      | Slain by a phantom

Illustrated notes

Levels and vault maps discovered:
D:1:      lightli_arrival_isolated_outpost, layout_basic, minmay_liquid_box
D:2:      layout_loops_ring, vehumet_crystals
D:3:      layout_basic
D:4:      layout_rooms, elyvilon_altar_1, uniq_edmund

Skill      XL: |  1  2  3  4 |
---------------+-------------+-----
Short Blades   | 3 4 |  4.8
Fighting       | 3 |  3.5
Throwing       | |  2.0
Dodging        | |  1.0
Stealth        | |  5.3

Action                   |  1- 3 |  4- 6 || total
-------------------------+-------+-------++-------
Melee: Dagger            |    63 |    72 ||   135
       Constrict         |    12 |    17 ||    29
       Tentacles         |     5 |    15 ||    20
       Whip              |       |    12 ||    12
 Stab: Sleeping          |    15 |    12 ||    27
  Eat: Chunk             |     1 |     6 ||     7
Armor: Skin              |       |     1 ||     1
Dodge: Dodged            |    30 |    40 ||    70
